AoeStats
← 苏坊

Fortress

510378536Analyzed
1v1 RM · 2d ago on Sep 30, 2026· 59m 24s· 2 players
Game mode
Random Map
Map size
Small (3 player)
Population
200
Speed
Normal
Resources
Standard
Victory
Conquest
Starting age
Dark Age
Ending age
Imperial Age
RankedLock teamsTeams togetherTeam positionsShared explorationLock speedFull tech treeHidden civsTurbo modeCheats
Victory
Defeat
🇩🇪 Persians · Germany
839
+17
🇨🇳 Turks · China
869
-17
Chakalabagala
7:04 Feudal Age
8:54 Double-Bit Axe
11:23 Castle Age
9:13 Horse Collar
10:34 Gold Mining
15:37 Loom
15:56 Town Watch
16:58 Heavy Plow
19:11 Bow Saw
19:12 Fletching
21:07 Kamandaran
21:27 Stone Mining
21:37 Crossbowman
22:18 Bodkin Arrow
24:21 Ballistics
24:52 Wheelbarrow
29:01 Imperial Age
28:44 Hand Cart
28:49 Murder Holes
29:09 Masonry
29:06 Padded Archer Armor
29:12 Scale Barding Armor
30:54 Chemistry
30:28 Conscription
31:47 Gold Shaft Mining
31:27 Thumb Ring
32:30 Crop Rotation
32:03 Elite War Elephant
33:50 Chain Barding Armor
33:41 Forging
33:49 Leather Archer Armor
33:47 Forging
35:09 Plate Barding Armor
36:31 Forging
40:25 Iron Casting
40:22 Ring Archer Armor
41:25 Architecture
42:56 Bloodlines
42:49 Husbandry
42:09 Light Cavalry
43:20 Pikeman
44:02 Squires
43:30 Hussar
43:35 Man-at-Arms
44:00 Gambesons
45:37 Hoardings
45:21 Citadels
44:46 Sappers
46:48 Long Swordsman
47:59 Gambesons
48:06 Arson
56:03 Halberdier
58:39 Blast Furnace
57:41 Scale Mail Armor
苏坊
8:34 Feudal Age
10:22 Double-Bit Axe
10:20 Horse Collar
12:53 Castle Age
14:39 Gold Mining
17:56 Loom
17:58 Town Watch
20:30 Wheelbarrow
22:08 Hand Cart
25:52 Ballistics
25:40 Scale Barding Armor
25:46 Forging
25:36 Padded Archer Armor
25:27 Fletching
27:10 Gold Shaft Mining
26:29 Stone Mining
27:36 Bow Saw
27:28 Heavy Plow
28:09 Town Patrol
30:40 Imperial Age
29:18 Squires
29:17 Murder Holes
29:32 Fortified Wall
29:34 Masonry
30:22 Husbandry
30:32 Bloodlines
30:39 Bloodlines
33:37 Two-Man Saw
32:03 Heavy Camel Rider
33:11 Chain Barding Armor
33:27 Iron Casting
33:08 Leather Archer Armor
32:48 Bodkin Arrow
33:00 Artillery
33:22 Conscription
37:45 Ring Archer Armor
37:15 Bracer
38:16 Blast Furnace
37:52 Plate Barding Armor
41:19 Scale Mail Armor
41:31 Arson
42:25 Hoardings
45:18 Chain Mail Armor
53:20 Theocracy
53:47 Sanctity
Connection lost

Rejoining the realm…

Still unreachable

The connection could not be restored.

Session expired

The server has moved on; the page needs a fresh start.